 Dungeon Crawl Stone Soup version 0.31-a0-1626-g5cb510d322 (webtiles) character file.

Game seed: 13181723646410771804

534 Laraso the Shooter (level 7, 32/52 HPs)
             Began as a Yellow Draconian Hexslinger on Jan 13, 2024.
             Quit the game on level 4 of the Dungeon.
             The game lasted 00:05:31 (3607 turns).

Laraso the Shooter (Yellow Draconian Hexslinger)    Turns: 3607, Time: 00:05:32

Health: 32/52      AC: 11    Str: 10    XL:     7   Next: 4%
Magic:  5/8        EV: 12    Int: 16    God:
Gold:   94         SH:  0    Dex: 15    Spells: 3/8 levels left

rFire   . . .        a - +0 orcbow
rCold   . . .        (shield currently unavailable)
rNeg    . . .        (body armour unavailable)
rPois   .            (helmet restricted)
rElec   .            (no cloak)
rCorr   +            m - +2 pair of gloves of Poups {Int+2}
SInv    .            p - +1 pair of boots
Will    .....        (no amulet)
Stlth   +            (no ring)
HPRegen 0.28/turn    (no ring)
MPRegen 0.11/turn

%: no passive effects
@: weak-willed
A: spit acid, AC +6, unfitting armour, cold-blooded, acid resistance
a: Breathe Acid


You were on level 4 of the Dungeon.
You visited 1 branch of the dungeon, and saw 4 of its levels.

You collected 220 gold pieces.
You spent 126 gold pieces at shops.

Inventory:

Hand Weapons
 a - a +0 orcbow (weapon)
 b - the +5 woodcutter's axe
   (You found it on level 3 of the Dungeon)
Armour
 m - the +2 pair of gloves of Poups (worn) {Int+2}
   (You found it on level 2 of the Dungeon)

   Int+2:     It affects your intelligence (+2).
 p - a +1 pair of boots (worn)
Wands
 g - a wand of flame (36)
Scrolls
 h - 3 scrolls of poison
 j - a scroll of teleportation
Potions
 c - a potion of might {unknown}
 d - a potion of enlightenment {unknown}
 e - a potion of heal wounds
 l - a potion of mutation {unknown}
 n - a potion of degeneration {unknown}
 o - a potion of attraction {unknown}
 r - 2 potions of curing {unknown}


   Skills:
 - Level 1.1 Fighting
 * Level 6.4 Ranged Weapons
 - Level 1.7 Dodging
 - Level 1.0 Spellcasting
 - Level 4.0 Hexes
 - Level 1.0 Fire Magic


You had 3 spell levels left.
You knew the following spells:

 Your Spells              Type           Power      Damage    Failure   Level
a - Jinxbite              Hex            26%        N/A       7%          2
b - Fugue of the Fallen   Necr           0%         N/A       56%         3

Your spell library contained the following spells:

 Spells                   Type           Power      Damage    Failure   Level
 Sigil of Binding         Hex            13%        N/A       13%         3
 Inner Flame              Hex/Fire       8%         N/A       24%         3
 Ozocubu's Armour         Ice            0%         N/A       56%         3
 Cause Fear               Hex            6%         N/A       41%         4
 Dimensional Bullseye     Hex/Tloc       3%         N/A       69%         4
 Manifold Assault         Tloc           0%         N/A       92%         4


Dungeon Overview and Level Annotations

Branches:
Dungeon (4/15)
 Temple: D:4-7

Altars:

Shops:
D:3 *


Innate Abilities, Weirdness & Mutations

You can spit globs of acid.
Your golden yellow scales are hard. (AC +6)
You cannot fit into any form of body armour.
You are cold-blooded and may be slowed by cold attacks.
You are resistant to acid. (rCorr)


Message History

The puff of flame hits the orc wizard.
The orc wizard is lightly wounded.
Unknown command.
Casting: Jinxbite (safe; 7% risk of failure)
Confirm with . or Enter, or press ? or * to list all spells.
You beckon some vexing sprites to accompany your attacks.
You feel your willpower being sapped.
An orc comes into view. It is wielding a +0 dagger.
The orc wizard gestures wildly while chanting.
The orc wizard flickers and vanishes!
Deactivating autopickup; reactivate with Ctrl-A.
Fire: a) +0 orcbow
Press: ? - help, Q - select action, (/) - cycle Shift-Dir - straight line, f - orc
Aim: an orc, wielding a +0 dagger and wearing a +0 ring mail (chance to call a sprite on attack: 64%, 58% to hit)
You shoot an arrow. The arrow barely misses the orc.
A giggling sprite leaps out and smacks the orc with its own hand.
The orc is moderately wounded.
A magic dart appears from out of thin air!
The magic dart hits you.
Fire: a) +0 orcbow
Press: ? - help, Q - select action, (/) - cycle Shift-Dir - straight line, p - orc You shoot an arrow.
Unknown command.
Fire: a) +0 orcbow
Press: ? - help, Q - select action, (/) - cycle Shift-Dir - straight line You shoot an arrow.
The jinxing sprites lose interest in you.
Something hits you but does no damage. x2
Unknown command.
Fire: a) +0 orcbow
Press: ? - help, Q - select action, (/) - cycle Shift-Dir - straight line You shoot an arrow.
Reactivating autopickup.
You feel a bit more experienced.
The orc seems less drained.
You have reached level 7!
Your scales start taking on a golden yellow colour.
You can spit globs of acid.
You feel resistant to acid.
Are you sure you want to abandon this character and quit the game? (Confirm with "yes".)

#........#
.#######........##
.......'.........##
########..........####
#.............###
#.........###...#
#....†.o..# ###.#
#.......).# #.#
#...)...@.# #.####
#.........# #....######
#.........# ####...#...
#########.##########.....
#..........##....
#..........###...
#..........# ####
#..........# #..........#


You could see an orc.

Vanquished Creatures
  A wyvern (D:4)
  A centaur (D:3)
  3 bombardier beetles
  An orc priest (D:3)
  Terence (D:2)
  An orc wizard (D:4)
  4 adders
  4 dart slugs
  2 ribbon worms (D:3)
  11 orcs
  3 bats
  5 endoplasms
  2 giant cockroaches
  3 goblins
  10 hobgoblins
  6 jackals
  8 kobolds
  A quokka (D:1)
  10 ball pythons
  A frilled lizard (D:1)
  7 rats
85 creatures vanquished.

Notes
Turn   | Place    | Note
-------+----------+-------------------------------------------
     0 | D:1      | Laraso the Draconian Hexslinger began the quest for the
                  | Orb.
     0 | D:1      | Reached XP level 1. HP: 16/16 MP: 2/2
    33 | D:1      | Reached skill level 2 in Ranged Weapons
   132 | D:1      | Reached XP level 2. HP: 23/23 MP: 3/3
   136 | D:1      | Learned a level 2 spell: Jinxbite
   655 | D:1      | Reached XP level 3. HP: 28/28 MP: 4/4
   806 | D:2      | Found a faded altar of an unknown god.
   808 | D:2      | Noticed Terence
   809 | D:2      | Identified the +2 pair of gloves of Poups {Int+2}
   880 | D:2      | Reached skill level 3 in Ranged Weapons
  1043 | D:2      | You fall into a shaft and drop 2 floors!
  1138 | D:3      | Found the +5 woodcutter's axe
  1151 | D:3      | Reached XP level 4. HP: 35/35 MP: 2/5
  1192 | D:3      | Noticed Ijyb
  1495 | D:2      | Killed Terence
  1811 | D:2      | Learned a level 3 spell: Fugue of the Fallen
  1936 | D:3      | Reached skill level 4 in Ranged Weapons
  1984 | D:3      | Reached XP level 5. HP: 25/40 MP: 1/6
  2106 | D:3      | Noticed a centaur
  2118 | D:3      | Killed a centaur
  2240 | D:3      | Found Laohiuhibo's Assorted Antiques.
  2246 | D:3      | Bought a pair of boots for 126 gold pieces
  2341 | D:3      | Reached XP level 6. HP: 19/47 MP: 4/7
  2490 | D:3      | Reached skill level 5 in Ranged Weapons
  2711 | D:3      | Ijyb changed into Ijyb the dart slug
  2711 | D:3      | Noticed Ijyb
  2713 | D:3      | Killed Ijyb the dart slug
  3119 | D:4      | Noticed a wyvern
  3137 | D:4      | Killed a wyvern
  3138 | D:4      | Reached skill level 6 in Ranged Weapons
  3607 | D:4      | Your scales start taking on a golden yellow colour.
  3607 | D:4      | Reached XP level 7. HP: 32/52 MP: 5/8
  3607 | D:4      | Gained mutation: You are resistant to acid. (rCorr) [Yellow
                  | Draconian growth]
  3607 | D:4      | Quit the game

Illustrated notes

Levels and vault maps discovered:
D:1:      dpeg_arrival_round_a, layout_basic
D:2:      layout_loops_ring, ebering_ecumenical_altar_sacrificial, uniq_terence
D:3:      layout_loops_ring, serial_shops, nicolae_shop_hallway_plus,
          chequers_serial_rivers_small_3, uniq_ijyb
D:4:      layout_basic

Skill      XL: |  1  2  3  4  5  6 |
---------------+-------------------+-----
Ranged Weapons | 2 3 4 6 |  6.4
Hexes          | 3 4 |  4.0
Fighting       | |  1.1
Dodging        | |  1.7
Spellcasting   | |  1.0
Fire Magic     | |  1.0

Action                     |  1- 3 |  4- 6 |  7- 9 || total
---------------------------+-------+-------+-------++-------
  Melee: Battleaxe         |       |    18 |       ||    18
         Tailslap          |       |     2 |       ||     2
   Fire: Sling             |   117 |    86 |       ||   203
         Orcbow            |       |    80 |       ||    80
   Cast: Jinxbite          |     2 |    20 |       ||    22
  Evoke: Wand              |       |     6 |       ||     6
    Use: Scroll            |     3 |     3 |       ||     6
         Potion            |       |     2 |       ||     2
 Armour: Skin              |    38 |    76 |       ||   114
  Dodge: Dodged            |    42 |    86 |       ||   128

Table legend: (Time is in decaauts)
 A = Elapsed time spent in this place.
 B = Non-inter-level travel time spent in this place.
 C = Inter-level travel time spent in this place.
 D = Time resting spent in this place.
 E = Time spent auto-exploring this place.
 F = Levels seen in this place.
 G = Mean time per level.
                   A        B        C        D        E       F      G
               +--------+--------+--------+--------+--------+-----+--------+
         Total |   3664 |   3442 |    222 |    511 |   2186 |   4 |  916.0 |
       Dungeon |   3664 |   3442 |    222 |    511 |   2186 |   4 |  916.0 |
               +--------+--------+--------+--------+--------+-----+--------+

Top non-repeatable levels by time:
     D:3: 1218 daAuts
     D:2: 920 daAuts
     D:1: 876 daAuts
     D:4: 649 daAuts
